 Dungeon Crawl Stone Soup version 0.28-a0-1206-g193881aaa2 (webtiles) character file.

Game seed: 17753636173388036118

53 flotson the Ducker (level 3, 0/28 HPs)
             Began as a Demonspawn Gladiator on Dec 20, 2021.
             Slain by Terence (6 damage)
             ... on level 2 of the Dungeon.
             The game lasted 00:02:30 (1212 turns).

flotson the Ducker (Demonspawn Gladiator)           Turns: 1212, Time: 00:02:32

Health: 0/28       AC:  4    Str: 16    XL:     3   Next: 62%
Magic:  3/3        EV: 12    Int:  9    God:
Gold:   51         SH:  0    Dex: 14    Spells: 2/2 levels left

rFire   . . .      SeeInvis .   a - +0 war axe
rCold   . . .      Faith    .   (no shield)
rNeg    . . .      Spirit   .   b - +0 leather armour
rPois   .          Reflect  .   c - +0 helmet
rElec   .          Harm     .   (no cloak)
rCorr   .          Rampage  .   (no gloves)
Will    .....                   (no boots)
Stlth   +.........              (no amulet)
HPRegen 0.09/turn               (no ring)
MPRegen 0.08/turn               (no ring)

@: no status effects
A: powered by death 2
a: no special abilities


You were on level 2 of the Dungeon.
You visited 1 branch of the dungeon, and saw 2 of its levels.

You collected 51 gold pieces.

Inventory:

Hand Weapons
 a - a +0 war axe (weapon)
Missiles
 d - 3 throwing nets (quivered)
 h - 3 curare-tipped darts
 m - 3 poisoned darts
Armour
 b - a +0 leather armour (worn)
 c - a +0 helmet (worn)
Scrolls
 f - a scroll of amnesia {unknown}
 g - 3 scrolls of teleportation {unknown}
 j - a scroll of identify {unknown}
 k - a scroll of noise {unknown}
 l - a scroll of vulnerability {unknown}
Potions
 e - a potion of degeneration {unknown}
 i - a potion of heal wounds {unknown}


   Skills:
 + Level 2.6 Fighting
 - Level 2.6 Axes
 + Level 2.3 Throwing
 + Level 1.3 Armour
 + Level 3.1 Dodging


You had 2 spell levels left.
You didn't know any spells.
Your spell library was empty.

Dungeon Overview and Level Annotations

Branches:
Dungeon (2/15)

Altars:

Annotations:
D:2 1 runed translucent door, Crazy Yiuf, Terence


Innate Abilities, Weirdness & Mutations

You regenerate health from kills.


Message History

You closely miss the ball python.
The ball python is moderately wounded.
The ball python barely misses you. The ball python constricts you.
The ball python closely misses you. The ball python constricts you.
Unknown command.
You closely miss the ball python.
The ball python is moderately wounded.
The ball python barely misses you. The ball python constricts you.
The ball python closely misses you. The ball python constricts you.
Unknown command.
You slash the ball python!
You kill the ball python!
You hit the dart slug.
Unknown command.
You hit the dart slug.
You kill the dart slug!
Unknown command.
No target in view!
No target in view!
Unknown command.
You enter the shallow water.
Moving in this stuff is going to be slow.
Things that are here:
a +0 short sword; a ball python corpse; a kobold corpse Terence the Incautious comes into view.
He is wielding a +1 mace of holy wrath.
Terence shouts!
You hear a shout!
A kobold comes into view. It is wielding a +0 dagger.
You see here 3 gold pieces.
Terence hits you with a +1 mace of holy wrath.
You convulse.
An adder comes into view.
The kobold hits you with a +0 dagger.
You closely miss Terence. You completely miss the kobold.
The adder hisses angrily.
Terence hits you with a +1 mace of holy wrath!
You convulse.
The kobold barely misses you.
Terence hits you with a +1 mace of holy wrath.
* * * LOW HITPOINT WARNING * * *
You convulse.
You die...

#.........#.......#
..................#####
##..##.###............#
...........##.....###
...###.######.##..#
...###.## #.##$.#
..<.#...#####.##..#
..............##..#
...##...###....#@.#
...##...###.##..@K......
..†.♣♣..P...####..#.....
...≈)♣≈.≈.P.. #....####
...P≈≈≈≈.≈≈P. ......
.†≈.≈≈≈≈≈≈♣≈. ###....
.♣P≈P≈≈≈≈.≈≈. .....
..P≈≈≈.≈≈.≈≈P .....
...≈≈.≈≈.≈≈P.


You could see Terence and a kobold.

Vanquished Creatures
  An adder (D:2)
  A worm (D:2)
  A dart slug (D:2)
  3 ball pythons
  4 endoplasms
  4 goblins (D:1)
  4 hobgoblins
  A kobold (D:2)
  A quokka (D:2)
  8 bats
  5 frilled lizards
  6 rats
39 creatures vanquished.

Vanquished Creatures (others)
  A plant (D:1)
1 creature vanquished.

Grand Total: 40 creatures vanquished

Notes
Turn   | Place    | Note
-------+----------+-------------------------------------------
     0 | D:1      | flotson the Demonspawn Gladiator began the quest for the
                  | Orb.
     0 | D:1      | Reached XP level 1. HP: 16/16 MP: 1/1
   461 | D:1      | Gained mutation: You regenerate a little health from kills.
                  | [demonic ancestry]
   461 | D:1      | Reached XP level 2. HP: 16/22 MP: 2/2
   770 | D:1      | Found a faded altar of an unknown god.
   820 | D:2      | Reached skill level 1 in Armour
   820 | D:2      | Reached skill level 3 in Dodging
   820 | D:2      | Gained mutation: You regenerate health from kills. [demonic
                  | ancestry]
   820 | D:2      | Reached XP level 3. HP: 23/28 MP: 3/3
   890 | D:2      | Found a runed translucent door.
   891 | D:2      | Noticed Crazy Yiuf
  1208 | D:2      | Noticed Terence
  1212 | D:2      | Slain by Terence

Illustrated notes

Levels and vault maps discovered:
D:1:      lightli_arrival_lavapool, layout_basic,
          dreamdust_ecumenical_altar_hidden_monk_grotto
D:2:      layout_rooms, serial_bayou_pond_b, hex_intersection,
          amcnicky_mini_pool_small, uniq_terence, uniq_crazy_yiuf_cottage

Skill      XL: |  1  2 |
---------------+-------+-----
Throwing       | 2 |  2.3
Armour         | 1 |  1.3
Dodging        | 3 |  3.1
Fighting       | |  2.6
Axes           | |  2.6

Action                   || total
-------------------------++-------
Melee: War axe           ||    96
Armor: Leather armour    ||    26
Dodge: Dodged            ||    85

Table legend: (Time is in decaauts)
 A = Elapsed time spent in this place.
 B = Non-inter-level travel time spent in this place.
 C = Inter-level travel time spent in this place.
 D = Time resting spent in this place.
 E = Time spent auto-exploring this place.
 F = Levels seen in this place.
 G = Mean time per level.
                   A        B        C        D        E       F      G
               +--------+--------+--------+--------+--------+-----+--------+
         Total |   1249 |   1229 |     20 |      0 |    977 |   2 |  624.5 |
       Dungeon |   1249 |   1229 |     20 |      0 |    977 |   2 |  624.5 |
               +--------+--------+--------+--------+--------+-----+--------+

Top non-repeatable levels by time:
     D:1: 817 daAuts
     D:2: 431 daAuts
